cohdb
Replays
Latest Replays
All Replays
Popular Replays
Top Player Replays
Match Explorer
How It Works
Community
CoH3 Stats
Reddit
Sign in to upload your games and track your stats! →
Sign in with Steam
Match 37987219
Unlisted
Match 37987219
Overview
Messages
Build Orders
End
Kradschützen Motorcycle Team
Panzergrenadier Squad
Selects Armored Support Battlegroup
Panzergrenadier Squad
250 Light Carrier
Construct Light Support Kompanie
Selects Superior Fire Drills
Fire Support Elements
Vehicle Survival Package
Panzerjäger Mechanized Group
Assault Grenadier Squad
Panzerpioneer Squad
Selects Flammpanzer III Medium Tank
Flammpanzer III Medium Tank
Panzerjäger Mechanized Group
Selects Salvage Kits
Construct Panzerarmee Kommand
Selects Panzer Storm
Tiger Mafia
SturmFalcon
Martinez
Tanith's Finest
0
0
Comments
sign in to comment!
No comments posted yet!